 Dungeon Crawl Stone Soup version 0.29.1-1-gd02db6906a (console) character file.

Game seed: 4271133949166316968

17626 om the Impaler (level 12, -5/88 HPs)
             Began as a Merfolk Berserker on Sept 27, 2022.
             Was an Elder of Trog.
             Slain by a wolf (8 damage)
             ... on level 8 of the Dungeon.
             The game lasted 00:28:41 (14044 turns).

om the Impaler (Merfolk Berserker)                 Turns: 14044, Time: 00:28:42

Health: -5/88      AC: 20    Str: 17    XL:     12   Next: 50%
Magic:  12/12      EV: 12    Int:  7    God:    Trog [****..]
Gold:   36         SH:  0    Dex: 18    Spells: 11/11 levels left

rFire   + . .      SeeInvis .   m - +2 demon trident (elec)
rCold   . . .      Faith    .   (no shield)
rNeg    . . .      Spirit   .   h - +0 shadow dragon scales
rPois   .          Reflect  .   q - +0 helmet
rElec   .          Harm     .   J - +2 cloak of Limited Liability {+Inv Stlth+}
rCorr   .          Rampage  .   x - +1 pair of gloves
Will    +....                   (no boots)
Stlth   ++++++....              (no amulet)
HPRegen 0.24/turn               G - ring of protection from fire
MPRegen 0.13/turn               a - ring of willpower

@: on berserk cooldown, slowed, very slow
A: (nimble swimmer 2), mertail
a: Renounce Religion, Evoke Invisibility, Berserk, Trog's Hand, Brothers in Arms


You were on level 8 of the Dungeon.
You worshipped Trog.
Trog was greatly pleased with you.
You visited 3 branches of the dungeon, and saw 14 of its levels.

You collected 1996 gold pieces.
You spent 1960 gold pieces at shops.

Inventory:

Hand Weapons
 m - a +2 demon trident of electrocution (weapon)
 K - a +2 trident of flaming
Missiles
 H - a throwing net (quivered)
Armour
 h - +0 shadow dragon scales (worn)
 q - a +0 helmet (worn)
 x - a +1 pair of gloves (worn)
 J - the +2 cloak of Limited Liability (worn) {+Inv Stlth+}
   (You bought it in a shop on level 2 of the Dungeon)

   +Inv:      It lets you turn invisible.
   Stlth:     It makes you more stealthy.
Jewellery
 a - a ring of willpower (right hand)
 i - an amulet of the acrobat
 j - a ring of flight
 k - a ring of protection from cold
 l - a ring of fire
 G - a ring of protection from fire (left hand)
Wands
 o - a wand of mindburst (22)
 s - a wand of iceblast (3)
 M - a wand of paralysis (4)
Scrolls
 e - 9 scrolls of enchant armour
 n - 5 scrolls of enchant weapon
 r - a scroll of amnesia
 u - 2 scrolls of fear
 y - 4 scrolls of blinking
 z - 3 scrolls of fog
 A - a scroll of summoning
 C - a scroll of magic mapping
 E - 3 scrolls of teleportation
 F - a scroll of noise {unknown}
 I - a scroll of brand weapon {unknown}
 L - a scroll of torment {unknown}
 O - a scroll of poison
Potions
 b - 4 potions of cancellation
 c - 2 potions of ambrosia
 d - 3 potions of might
 f - 4 potions of haste
 g - 3 potions of flight
 p - 5 potions of curing
 t - 2 potions of resistance
 w - 2 potions of berserk rage
 B - a potion of mutation {unknown}
 D - a potion of invisibility
 N - a potion of lignification {unknown}
 P - 2 potions of heal wounds


   Skills:
 + Level 6.3 Fighting
 * Level 18.2 Polearms
 * Level 5.8 Armour
 * Level 10.6 Dodging
 * Level 7.7 Stealth
 + Level 5.2 Evocations


You had 11 spell levels left.
You didn't know any spells.
Your spell library was empty.

Dungeon Overview and Level Annotations

Branches:
Dungeon (12/15)            Temple (1/1) D:7            Lair (1/5) D:8
    Orc (0/2) D:9

Altars:
Cheibriados
Dithmenos
Elyvilon
Gozag
Kikubaaqudgha
Makhleb
Okawaru
Sif Muna
Trog
Vehumet
Wu Jian
Zin
The Shining One

Shops:
D:2 [   D:5 ?   D:12 !!

Annotations:
D:12 Urug


Innate Abilities, Weirdness & Mutations

((You are very nimble when in or above water. (Stealth+, EV+, Speed+++)))
Your lower body shifts to a powerful aquatic tail in water.


Message History

The wolf barely misses you. The wolf bites you but does no damage.
The wolf closely misses you. x2; The wolf misses you.
The wolf bites you but does no damage.
You closely miss the wolf.
The wolf is almost dead.
The wolf barely misses you.
The wolf bites you but does no damage. x2
You miss the wolf.
The wolf is almost dead.
The wolf bites you but does no damage. The wolf closely misses you.
The wolf bites you but does no damage. The wolf misses you. The wolf bites you.
* * * LOW HITPOINT WARNING * * *
The wolf bites you but does no damage.
You closely miss the wolf.
The wolf is almost dead.
The wolf bites you but does no damage. The wolf closely misses you.
The wolf bites you but does no damage.
You completely miss the wolf.
The wolf is almost dead.
The wolf closely misses you. The wolf barely misses you.
The wolf closely misses you. The wolf bites you but does no damage.
The wolf closely misses you. x2
You hit the wolf but do no damage.
The wolf is almost dead.
The wolf bites you but does no damage. x2; The wolf closely misses you.
You closely miss the wolf.
The wolf is almost dead.
The wolf bites you but does no damage. x2; The wolf closely misses you. x2
The wolf barely misses you. x2
You fail to use your ability.
The wolf bites you but does no damage. x2
The wolf closely misses you. The wolf bites you.
* * * LOW HITPOINT WARNING * * *
The wolf barely misses you. The wolf closely misses you.
Your ogre goes berserk!
The wolf bites you!
* * * LOW HITPOINT WARNING * * *
The wolf bites you but does no damage. The wolf bites you!
* * * LOW HITPOINT WARNING * * *
The wolf barely misses you.
The wolf bites you but does no damage. x2
The wolf completely misses you. The wolf bites you!
You die...

#............+......
#............#......
##############....#'
######.................#.
#....#########.........#.
#....##PPPPP##.........#.
#....#PPPPPP.#.........##
#....#PhhPP.P######....'.
#....#P.@.OPP.....#....#.
#....#PP.h.P......######.
#....#PP..P........'..#..
#....#PPPP..P.######..#..
#....#PPPP.........#..##.
#....#PPPP...#.....#..##.
#....#PPP....#.....#...#.
#....##P....##.....#...#.
#....###...###.....#...#.


You could see 3 wolves and a friendly ogre (summoned, berserk).

Vanquished Creatures
  Josephine (D:12)
  A hydra (D:12)
  The ghost of GigaChad the Protected, a novice MiFi of Ashenzari (D:8)
  2 manticores
  A cyclops (D:11)
  4 ugly things
  Joseph (D:9)
  5 orange demons (D:11)
  An unseen horror (D:11)
  A komodo dragon (D:8)
  A troll (D:11)
  4 red devils (D:11)
  A hornet (D:9)
  9 slime creatures
  A shadow (D:10)
  A vampire (D:10)
  3 yaks (D:10)
  5 wraiths (D:12)
  A wyvern (D:10)
  Menkaure (D:6)
  2 steam dragons
  3 water moccasins
  6 orc warriors
  Pargi (D:3)
  2 sky beasts
  2 ice beasts (D:7)
  2 black bears
  An ogre (D:4)
  8 wolves (Lair:1)
  2 phantoms
  A kobold brigand (D:7)
  5 bullfrogs
  3 gnoll sergeants
  4 scorpions
  A necrophage (D:3)
  4 wights (D:9)
  18 killer bees
  3 vampire bats (D:6)
  6 electric eels
  5 howler monkeys
  3 jellies
  3 hounds
  9 orc priests
  3 iguanas
  8 orc wizards
  16 gnolls
  12 adders
  A shadow imp (D:8)
  2 white imps
  2 ufetubi (D:5)
  2 worms
  A dart slug (D:2)
  48 orcs
  A bat zombie (D:4)
  4 endoplasms
  2 giant cockroaches
  7 goblins
  5 hobgoblins
  10 kobolds
  5 quokkas
  4 ball pythons
  10 bats
  6 frilled lizards
  4 rats
292 creatures vanquished.

Vanquished Creatures (others)
  3 fungi
  4 plants (D:8)
7 creatures vanquished.

Grand Total: 299 creatures vanquished

Notes
Turn   | Place    | Note
-------+----------+-------------------------------------------
     0 | D:1      | om the Merfolk Berserker began the quest for the Orb.
     0 | D:1      | Reached XP level 1. HP: 18/18 MP: 1/1
    53 | D:1      | Found a faded altar of an unknown god.
   549 | D:1      | Reached XP level 2. HP: 24/24 MP: 2/2
  1045 | D:2      | Found Wosofyori's Armour Shop.
  1298 | D:2      | Reached XP level 3. HP: 29/29 MP: 3/3
  1439 | D:2      | Reached ** piety under Trog
  1689 | D:2      | Reached skill level 5 in Polearms
  1908 | D:3      | Reached XP level 4. HP: 37/37 MP: 4/4
  1999 | D:3      | Noticed Pargi
  2011 | D:3      | Killed Pargi
  2012 | D:3      | Reached skill level 6 in Polearms
  2012 | D:3      | Reached XP level 5. HP: 42/42 MP: 5/5
  2098 | D:3      | Reached XP level 6. HP: 36/48 MP: 6/6
  2168 | D:3      | Found an ornate altar of the Wu Jian Council.
  2505 | D:4      | Identified a scroll of acquirement
  2582 | D:4      | Noticed a water moccasin
  2599 | D:4      | Killed a water moccasin
  2600 | D:4      | Reached skill level 7 in Polearms
  3082 | D:4      | Found an ancient bone altar of Kikubaaqudgha.
  3203 | D:4      | Noticed a black bear
  3211 | D:4      | Killed a black bear
  3212 | D:4      | Reached skill level 8 in Polearms
  3212 | D:4      | Reached XP level 7. HP: 54/54 MP: 7/7
  3530 | D:5      | Entered Level 5 of the Dungeon
  3734 | D:4      | Reached skill level 9 in Polearms
  4051 | D:5      | Reached XP level 8. HP: 54/60 MP: 8/8
  4116 | D:5      | Found Taticezi's Magic Scroll Emporium.
  4129 | D:5      | Bought a scroll of blinking for 97 gold pieces
  4129 | D:5      | Bought a scroll of fear for 52 gold pieces
  4129 | D:5      | Bought a scroll of fog for 52 gold pieces
  4248 | D:5      | Reached skill level 10 in Polearms
  4367 | D:5      | Reached *** piety under Trog
  4603 | D:5      | Bought a scroll of teleportation for 39 gold pieces
  4694 | D:6      | Found an opulent altar of Gozag.
  4697 | D:6      | Found a shimmering blue altar of Sif Muna.
  4700 | D:6      | Found a snail-covered altar of Cheibriados.
  4711 | D:6      | Reached skill level 11 in Polearms
  5076 | D:6      | Reached skill level 12 in Polearms
  5368 | D:7      | Reached XP level 9. HP: 65/65 MP: 9/9
  5372 | D:7      | Reached skill level 13 in Polearms
  5613 | D:7      | Found a staircase to the Ecumenical Temple.
  5629 | Temple   | Entered the Ecumenical Temple
  5796 | D:7      | Reached skill level 14 in Polearms
  5833 | D:7      | Noticed Menkaure
  5860 | D:6      | Killed Menkaure
  6127 | D:7      | Reached skill level 15 in Polearms
  6791 | D:5      | Bought a scroll of vulnerability for 52 gold pieces
  6791 | D:5      | Acquired 1384 gold pieces
  6884 | D:2      | Bought +0 shadow dragon scales for 1040 gold pieces
  7118 | D:8      | Found a runed translucent door.
  7126 | D:8      | Reached **** piety under Trog
  7127 | D:8      | Noticed GigaChad's ghost (novice MiFi)
  7247 | D:8      | Reached skill level 16 in Polearms
  7247 | D:8      | Reached XP level 10. HP: 68/71 MP: 10/10
  7446 | D:8      | Killed GigaChad's ghost
  7447 | D:8      | Reached skill level 5 in Dodging
  8131 | D:8      | Found a staircase to the Lair.
  8417 | D:9      | Found a shadowy altar of Dithmenos.
  8501 | D:9      | Found a burning altar of Makhleb.
  8887 | D:2      | Bought the +2 cloak of Limited Liability {+Inv Stlth+} for
                  | 406 gold pieces
  9377 | D:9      | Reached skill level 1 in Stealth
  9419 | D:9      | Reached skill level 1 in Evocations
  9645 | D:9      | Found a white marble altar of Elyvilon.
  9841 | D:9      | Noticed Joseph
  9856 | D:9      | Killed Joseph
 10336 | D:9      | Found a staircase to the Orcish Mines.
 10391 | D:10     | Entered Level 10 of the Dungeon
 10461 | D:10     | Reached skill level 17 in Polearms
 10461 | D:10     | Reached XP level 11. HP: 31/78 MP: 11/11
 10930 | D:10     | Reached skill level 5 in Armour
 11403 | D:10     | Reached skill level 5 in Fighting
 11431 | D:10     | Found a radiant altar of Vehumet.
 12007 | D:11     | Noticed a cyclops
 12015 | D:11     | Killed a cyclops
 12159 | D:11     | Reached skill level 5 in Stealth
 12644 | D:11     | Identified the +12 dagger of the Tiger {freeze, rPois Str-2
                  | Stlth+}
 12659 | D:11     | Noticed a white ugly thing
 12682 | D:11     | Killed a white ugly thing
 12719 | D:11     | Noticed a manticore
 12723 | D:11     | Killed a manticore
 12948 | D:12     | Noticed a seven-headed hydra
 12954 | D:12     | Noticed a brown ugly thing
 12960 | D:12     | Killed a seven-headed hydra
 12961 | D:12     | Reached skill level 5 in Evocations
 12961 | D:12     | Reached XP level 12. HP: 79/87 MP: 12/12
 13142 | D:12     | Reached skill level 10 in Dodging
 13158 | D:12     | Reached skill level 18 in Polearms
 13458 | D:12     | Found Duoceq's Distillery.
 13461 | D:12     | Bought a potion of heal wounds for 75 gold pieces
 13461 | D:12     | Bought a potion of heal wounds for 75 gold pieces
 13480 | D:12     | Noticed Josephine
 13485 | D:12     | Killed Josephine
 13786 | D:12     | Found Hyitoir's Distillery.
 13794 | D:12     | Bought 2 potions of curing for 72 gold pieces
 13805 | D:12     | Noticed Urug
 13976 | Lair:1   | Entered Level 1 of the Lair of Beasts
 14044 | D:8      | HP: 3/88 [wolf (8)]
 14044 | D:8      | Slain by a wolf

Illustrated notes

Levels and vault maps discovered:
D:1:      nicolae_arrival_washed_ashore, layout_loops_corners,
          shapermc_ecumenical_altar_notcrosses
D:2:      layout_loops_corners, serial_shops, shop
D:3:      layout_rooms, nicolae_wu_jian_immortal_techniques, uniq_pargi
D:4:      layout_rooms, lemuel_zombie_altar_kikubaaqudgha, minmay_liquid_box
D:5:      layout_gridville, serial_shops, shop, grunt_decor_resistance
D:6:      layout_loops_cross, grunt_temple_overflow_open, roderic_batcave
D:7:      kennysheep_steamy, layout_basic, temple_green, minmay_crystal_room,
          minmay_misc_feat_x, uniq_menkaure
D:8:      layout_gridville, david_lair_shrubbed, hellmonk_ghost_happy_afterlife
D:9:      layout_loops_ring, mainiacjoe_overflow_small_starburst,
          elyvilon_altar_1, bloody_makhleb, erik_orc_2, chequers_avenue,
          uniq_joseph
D:10:     layout_basic, kennysheep_little_box
D:11:     layout_irregular_city, minmay_beelzebubs_servants
D:12:     layout_irregular_city, serial_shops, nicolae_shop_behind_doors,
          nicolae_lakefront_shop, shop, fountainhead, uniq_josephine, uniq_urug
Temple:   nicolae_temple_ecumenical_triangle
Lair:1:   layout_small_grid, grunt_forest_large_clearings, grunt_megastairs_5

Skill      XL: |  1  2  3  4  5  6  7  8  9 10 11 12 |
---------------+-------------------------------------+-----
Dodging        | 3 4 7 9 10 | 10.6
Polearms       | 5 6 8 9 12 16 17 18 | 18.2
Armour         | 2 3 4 5 |  5.8
Fighting       | 4 5 6 |  6.3
Stealth        | 3 6 7 |  7.7
Evocations     | 2 5 |  5.2

Action                   |  1- 3 |  4- 6 |  7- 9 | 10-12 || total
-------------------------+-------+-------+-------+-------++-------
Melee: Spear             |   107 |   127 |       |       ||   234
       Trident           |       |    10 |   494 |   454 ||   958
       Punch             |       |       |     6 |     5 ||    11
       Tailslap          |       |       |       |    10 ||    10
       Demon trident     |       |       |       |   181 ||   181
Invok: Berserk           |       |     5 |     7 |    15 ||    27
       Trog's Hand       |       |     2 |     1 |     2 ||     5
       Brothers in Arms  |       |       |       |     1 ||     1
  Use: Scroll            |     4 |     2 |     7 |     8 ||    21
       Potion            |       |     1 |     1 |     3 ||     5
 Stab: Sleeping          |       |       |     1 |     9 ||    10
       Distracted        |       |       |       |     2 ||     2
Armor: Ring mail         |    36 |    43 |   198 |       ||   277
       Shadow dragon sca |       |       |    26 |   274 ||   300
Dodge: Dodged            |    48 |    74 |   257 |   247 ||   626
